aen, chaotic male human Rogue ------------- |...........| #............| ###|...<.......| --------------- #####[...........| |..............| # ### |...........| |......_.`.)....#)##[u#u######### ### |...........| |...........%..| @ ## ### ----.-------- -.------------- [@ # ### ## ##### # # ### # # ## # # ### # # # ### # # # # # ---|------ ## # -|--+-+-# |........| --- --.---- ## ........# |[.......| |.. .......-# |.>....| |........| |..........|# |......| |........| ...........# |[.....| ----.----- ---- ------ -------- # aen the Pilferer Experience level: 12 Strength: 18/06 Dexterity: 18 Constitution: 17 Intelligence: 10 Wisdom: 12 Charisma: 8 Health: 0(95) Energy: 36(36) Def: 19 Gold: 0 Moves: 33991 Dungeon seed: x5yiPnk8Fp6aEVEE Game ID: aen_1528908122 Your Inventory: Weapons f - a cursed -3 knife j - a +2 knife k - 5 +2 daggers q - a cursed -1 dagger u - 3 +0 daggers (in quiver) v - a fixed +2 crysknife (weapon in hand) B - 2 poisoned +0 darts D - 9 +0 daggers S - 11 +0 knives W - a blessed +0 dagger Y - a +1 knife Armor e - an uncursed +0 pair of elven boots (being worn) y - a blessed +1 elven shield (being worn) A - an uncursed burnt +0 pair of leather gloves (being worn) L - an uncursed +0 dwarvish mithril-coat (being worn) N - a blessed +4 elven leather helm (being worn) T - an uncursed +1 cloak of protection (being worn) Comestibles c - an uncursed food ration h - an uncursed tripe ration z - an uncursed lizard corpse P - 2 uncursed C-rations Scrolls t - an uncursed scroll of confuse monster Potions p - a cursed potion of see invisible Rings l - an uncursed ring of fire resistance Q - an uncursed ring of shock resistance (on right hand) R - an uncursed ring of polymorph control (on left hand) Wands g - a blessed wand of locking (0:5) i - a wand of cancellation (0:3) o - a wand of nothing (0:4) s - a wand of slow monster (0:5) w - a wand of striking (0:2) E - a wand of magic missile (0:7) F - a wand of secret door detection (0:9) I - a wand of polymorph (0:3) K - a wand of lightning (0:4) Tools a - an uncursed towel (being worn) n - an uncursed skeleton key x - an uncursed mirror C - a blessed +0 unicorn horn J - a blessed bag of holding Z - an uncursed magic whistle Gems r - an uncursed emerald U - an uncursed diamond V - an uncursed luckstone Contents of the bag of holding: 11555 gold pieces an uncursed amulet of unchanging a blessed +4 dagger 3 blessed +3 daggers a blessed +0 dagger 11 blessed +1 darts 8 +0 darts a +1 elven dagger 7 +0 elven daggers a blessed +1 elven spear a +0 elven spear 2 cursed -1 knives a +0 silver saber a +0 worm tooth 5 uncursed C-rations 5 uncursed K-rations 11 uncursed food rations 4 uncursed lembas wafers an uncursed lizard corpse 15 uncursed lumps of royal jelly 2 uncursed tins of violet fungus an uncursed tripe ration a blessed scroll of blank paper a cursed scroll of blank paper 2 uncursed scrolls of destroy armor an uncursed scroll of earth a cursed scroll of earth an uncursed scroll of enchant armor a cursed scroll of enchant armor a blessed scroll of enchant weapon an uncursed scroll of enchant weapon an uncursed scroll of fire an uncursed scroll of food detection an uncursed scroll of genocide an uncursed scroll of gold detection a blessed scroll of remove curse 3 uncursed scrolls of remove curse an uncursed scroll of stinking cloud a cursed scroll of stinking cloud an uncursed potion of booze an uncursed potion of extra healing an uncursed potion of full healing a blessed potion of gain ability a cursed potion of gain ability an uncursed potion of gain level an uncursed potion of healing 3 potions of holy water a blessed potion of oil a cursed potion of paralysis 2 uncursed potions of sickness an uncursed potion of sleeping a cursed potion of sleeping 3 uncursed potions of speed 2 uncursed potions of water a cursed -1 ring of adornment an uncursed ring of cold resistance an uncursed ring of hunger an uncursed ring of levitation an uncursed ring of levitation an uncursed ring of polymorph a cursed ring of polymorph an uncursed ring of warning a wand of digging (0:6) a wand of digging (0:6) a wand of enlightenment (0:13) a wand of enlightenment (0:13) a wand of fire (0:3) a wand of probing (0:7) a wand of teleportation (0:7) an uncursed blindfold an uncursed brass lantern (0:789) an expensive camera (0:59) a magic marker (1:9) a cursed stethoscope 6 uncursed tallow candles (0:200) a +0 unicorn horn a +0 unicorn horn a +0 unicorn horn an uncursed wooden harp an uncursed amber stone 2 uncursed amethyst stones an uncursed aquamarine stone an uncursed black opal an uncursed emerald 2 uncursed garnet stones an uncursed jasper stone 2 uncursed opals an uncursed ruby an uncursed worthless piece of orange glass 6 uncursed worthless pieces of red glass Spells and supernatural/magical abilities: Name Level Category Fail Memory d - dig 5 matter 100% 45% f - fireball 4* attack 100% 0% m - magic missile 2* attack 100% 0% n - detect monsters 1* divination 100% 0% E - detect food 2 divination 100% 43% K - cure sickness 3* healing 100% 0% U - detect unseen 3 divination 100% 26% W - pray for help -- divine ? -- Your skills at the end: Fighting Skills Weapon Skills dagger [Expert] knife [Skilled] short sword [Basic] saber [Basic] Spellcasting Skills Final Attributes: You were piously aligned. You were cold resistant. You were shock resistant. You were poison resistant. You were confused. You saw invisible. You were telepathic. You had automatic searching. You were stealthy. You aggravated monsters. You were protected. You had polymorph control. You were fast. You were extremely lucky. You had extra luck. Bad luck did not time out for you. Good luck did not time out for you. You are dead (2nd time!). Vanquished creatures: a white dragon a black dragon a titanothere a captain a nalfeshnee an Aleax a frost giant 2 ettins a black pudding a vampire 2 ghosts 4 lieutenants 3 watch captains 2 queen bees a winged gargoyle 2 mind flayers 4 giant mimics 2 rock trolls a doppelganger 2 large mimics 3 long worms 2 couatls 3 stalkers an earth elemental a water elemental 2 hill giants a xorn a giant zombie 2 elf-lords 10 sergeants 3 wargs a winter wolf 3 small mimics a glass piercer 7 warhorses 2 xans 2 ettin mummies an ogre lord 4 quantum mechanics 6 trolls a sasquatch a wood golem 2 gelatinous cubes 2 pyrolisks 2 large dogs a freezing sphere 2 flaming spheres 4 shocking spheres 2 tigers 3 gargoyles 2 dwarf kings 4 tengu 3 ochre jellies 3 leocrottas a mountain centaur 3 stone giants an elf mummy a red naga a pit viper a python a cobra 3 wraiths an ettin zombie a Grey-elf 26 soldiers 2 watchmen 6 succubi an incubus 5 chameleons 2 crocodiles 3 giant beetles 2 quivering blobs 7 cockatrices 4 wolves 5 winter wolf cubs 4 panthers a spotted jelly 7 leprechauns 2 orc-captains an iron piercer 3 mumakil 4 giant spiders a scorpion a horse 5 ice vortices a black light 3 vampire bats 4 gnome kings 2 orc mummies 6 brown puddings 2 rust monsters 3 owlbears 5 yetis 2 gold golems a werewolf 2 Green-elves 8 lizards 2 chickatrices 3 dogs 3 dingos 2 housecats 2 jaguars 6 dwarf lords a blue jelly 4 white unicorns a gray unicorn 6 dust vortices 6 ravens 3 plains centaurs 4 gnome mummies 2 snakes 5 apes 4 human zombies 2 rope golems a soldier ant 17 fire ants 3 bugbears an imp a quasit 6 wood nymphs 7 water nymphs 4 mountain nymphs 10 Mordor orcs 11 Uruk-hai 4 orc shamans 7 rock piercers 7 rock moles 5 ponies 3 fog clouds 4 yellow lights 2 shriekers 3 violet fungi 15 gnome lords 6 gnomish wizards 5 kobold mummies a red naga hatchling a golden naga hatchling 6 gray oozes 2 barrow wights 4 elf zombies 3 ghouls 2 straw golems 4 paper golems 4 baby crocodiles 25 giant ants 4 little dogs 5 floating eyes 5 kittens 20 dwarves 3 kobold lords 2 kobold shamans 7 hill orcs 13 rothes 3 rabid rats 3 centipedes 6 giant bats a monkey 4 orc zombies 4 dwarf zombies 3 wererats 5 werejackals 12 iguanas 46 killer bees 4 acid blobs 2 coyotes 5 gas spores 6 hobbits 8 manes a large kobold 14 hobgoblins 10 giant rats 8 cave spiders 5 yellow molds 3 green molds 2 red molds 61 gnomes 24 garter snakes 5 gnome zombies 7 geckos 8 jackals 4 foxes 8 kobolds 8 goblins 2 sewer rats 15 grid bugs 8 bats 11 lichens 5 kobold zombies 13 newts 890 creatures vanquished. Genocided species: liches 1 species genocided. Voluntary challenges: You used a wielded weapon 977 times, starting on turn 79. You read items or engraved 146 times, starting on turn 40. You genocided 1 type of monster, starting on turn 28382. You polymorphed 1 item, starting on turn 7361. You changed form 3 times, starting on turn 14623. You used no wishes. You split 2 puddings, starting on turn 9131. You wrote Elbereth's name 39 times, starting on turn 868. You violated your moral code, losing 258 points of alignment, starting on turn 4831. Dungeon overview: The Dungeons of Doom: levels 1 to 24 Level 1 a fountain a long staircase Level 2 a general store Level 3 an altar to Issek, a fountain stairs to The Gnomish Mines Level 4 Level 5 many fountains Level 6 a fountain stairs to Sokoban Level 7 a general store, a fountain Level 8 Level 9 a fountain Level 10 a fountain, a sink Level 11 a general store, some fountains portal to The Quest Level 12 Level 13 Level 14 Level 15 an altar to Kos Level 16 Level 17 a sink Level 18 Level 19 a fountain Level 20 some fountains Level 21 Level 22 some fountains Level 23 <- You were here a temple to Kos Level 24 The Gnomish Mines: levels 4 to 11 Level 4 stairs to The Dungeons of Doom Level 5 Level 6 many shops, a temple to Kos, a fountain, some trees Level 7 Level 8 Level 9 Level 10 Level 11 some fountains The Quest: Level 1 portal to The Dungeons of Doom Sokoban: levels 2 to 5 Level 2 Level 3 Level 4 Level 5 stairs to The Dungeons of Doom History has recorded: On T:1 you entered the Dungeons of Doom to retrieve the Amulet of Yendor! On T:277 you reached level 2 of The Dungeons of Doom. On T:459 you advanced to experience level 2. On T:744 you advanced to experience level 3. On T:875 you reached level 3 of The Dungeons of Doom. On T:1119 you reached level 4 of The Dungeons of Doom. On T:1148 you reached level 5 of The Dungeons of Doom. On T:1510 you reached level 1 of The Gnomish Mines. On T:1513 you advanced to experience level 4. On T:1602 you advanced to experience level 5. On T:1775 you reached level 2 of The Gnomish Mines. On T:2368 you advanced to experience level 6. On T:2429 you reached level 3 of The Gnomish Mines. On T:3580 you reached level 4 of The Gnomish Mines. On T:3635 you advanced to experience level 7. On T:3777 you reached level 5 of The Gnomish Mines. On T:4364 you reached level 6 of The Gnomish Mines. On T:4575 you reached level 7 of The Gnomish Mines. On T:5189 you advanced to experience level 8. On T:9298 you advanced to experience level 9. On T:10006 you reached level 6 of The Dungeons of Doom. On T:10037 you reached level 4 of Sokoban. On T:10393 you reached level 3 of Sokoban. On T:11280 you reached level 2 of Sokoban. On T:11825 you reached level 1 of Sokoban. On T:13662 you reached level 7 of The Dungeons of Doom. On T:14570 you reached level 8 of The Dungeons of Doom. On T:16772 you advanced to experience level 10. On T:18773 you reached level 10 of The Dungeons of Doom. On T:19268 you reached level 11 of The Dungeons of Doom. On T:19287 you reached level 12 of The Dungeons of Doom. On T:19409 you reached level 1 of The Quest. On T:20497 you reached level 13 of The Dungeons of Doom. On T:20669 you advanced to experience level 11. On T:20964 you reached level 14 of The Dungeons of Doom. On T:21330 you reached level 15 of The Dungeons of Doom. On T:28057 you reached level 16 of The Dungeons of Doom. On T:28435 you reached level 17 of The Dungeons of Doom. On T:28840 you reached level 18 of The Dungeons of Doom. On T:29344 you reached level 19 of The Dungeons of Doom. On T:29594 you were saved from death by your amulet of life saving! On T:29597 you advanced to experience level 12. On T:29989 you reached level 20 of The Dungeons of Doom. On T:30075 you reached level 21 of The Dungeons of Doom. On T:32920 you reached level 22 of The Dungeons of Doom. On T:33000 you reached level 23 of The Dungeons of Doom. On T:33586 you reached level 24 of The Dungeons of Doom. Score breakdown: Gold: 11555 (13820 points) Experience: 12 levels (18476 points) Exploration: 24 levels ( 46.15%) (20146 points) Discoveries: 35 items ( 11.74%) (10281 points) Valuables value: (no points given unless you survive) Artifact value: 0 ( 0 points) Variety of kills: 189 monsters ( 49.61%) (21129 points) Turncount: 33991 turns (-4186 points) Survival: died (score multiplied by 80%) Total score: 63732 Latest messages: The priestess of Issek hits! The priestess of Issek misses. The priestess of Issek casts a spell at you! You feel more confused! You begin praying to Kos. The priestess of Issek starts to attack you, but pulls back. (3x) You feel that Kos is well-pleased. You feel much better. You displace your warhorse. You try to feel what is lying here on the ground. You feel here a knife. The priestess of Issek casts a spell! You hit the priestess of Issek. (2x) The priestess of Issek hits! The priestess of Issek kicks! The priestess of Issek casts a spell at you! A pillar of fire strikes all around you! Your gloves smoulder! Your scroll catches fire and burns! The priestess of Issek hits! The priestess of Issek kicks! The dagger hits the priestess of Issek! The priestess of Issek hits! You die... Final status: Goodbye aen the Rogue, killed by a priestess of Issek... You died in The Dungeons of Doom on dungeon level 23 with 63732 points, and 11555 pieces of gold, after 33991 moves. You were level 12 with a maximum of 95 hit points when you died.